 Dungeon Crawl Stone Soup version 0.23-a0-183-gf37f6fb (webtiles) character file.

6957 namelastname112 the Covert (level 10, 0/86 HPs)
             Began as a Green Draconian Assassin on Sept 22, 2018.
             Was an Initiate of Gozag.
             Slain by an unseen horror (13 damage)
             ... on level 10 of the Dungeon.
             The game lasted 00:18:31 (10577 turns).

namelastname112 the Covert (DrAs)                  Turns: 10577, Time: 00:18:32

Health: 0/86       AC: 12    Str: 14    XL:     10   Next: 81%
Magic:  18/18      EV: 16    Int: 13    God:    Gozag
Gold:   1201       SH:  0    Dex: 16    Spells: 9/9 levels left

rFire    . . .     SeeInvis .   x - +2 dagger (drain)
rCold    . . .     Gourm    .   (no shield)
rNeg     . . .     Faith    .   (armour unavailable)
rPois    +         Spirit   .   (helmet restricted)
rElec    .         Reflect  .   c - +1 cloak
rCorr    .         Harm     +   (no gloves)
MR       .....                  C - +2 pair of boots {Stlth+}
Stlth    +++++.....             s - amulet of harm
HPRegen  0.24/turn              k - ring of magical power
MPRegen  0.16/turn              (no ring)

@: no status effects
A: breathe noxious fumes, unfitting armour, claws 1, clever 1, low mp 1, poison
resistance, cold-blooded, AC +7
a: Breathe Noxious Fumes, Potion Petition, Call Merchant, Bribe Branch, Renounce
Religion


You were on level 10 of the Dungeon.
You worshipped Gozag.
Gozag was most pleased with you.
You were not hungry.

You visited 2 branches of the dungeon, and saw 11 of its levels.

You collected 1489 gold pieces.
You spent 183 gold pieces at shops.
You paid 105 gold pieces to Gozag.

Inventory:

Hand Weapons
 a - a +2 dagger
 b - a +0 blowgun
 l - a +3 rapier
 x - a +2 dagger of draining (weapon)
Missiles
 d - 53 poisoned needles
 e - a curare-tipped needle
Armour
 c - a +1 cloak (worn)
 C - a +2 pair of boots of stealth (worn)
Jewellery
 k - a ring of magical power (left claw)
 s - an amulet of harm (around neck)
Wands
 w - a wand of paralysis (9)
 B - a wand of polymorph (12)
 F - a wand of disintegration (16)
Scrolls
 h - a scroll of blinking
 n - 10 scrolls of teleportation
 p - 2 scrolls of enchant weapon
 r - 3 scrolls of identify
 t - 2 scrolls of enchant armour
 v - 3 scrolls of remove curse
 y - a scroll of magic mapping
 D - a scroll of amnesia
Potions
 g - 4 potions of agility
 i - a potion of heal wounds
 j - a potion of flight
 m - a potion of cancellation {unknown}
 o - 3 potions of degeneration
 q - a potion of ambrosia {unknown}
 u - 2 potions of curing {unknown}
 z - a potion of might {unknown}
 A - a potion of lignification {unknown}
 E - a potion of berserk rage {unknown}
 G - a potion of invisibility {unknown}
Comestibles
 f - 10 rations


   Skills:
 + Level 7.4 Fighting
 + Level 9.1 Short Blades
 + Level 6.1 Throwing
 + Level 5.8 Dodging
 + Level 9.6 Stealth


You had 9 spell levels left.
You didn't know any spells.
Your spell library contained the following spells:

 Spells                   Type           Power        Failure   Level  Hunger
 Magic Dart               Conj           #...         30%         1    ##.....
 Blink                    Tloc           N/A          43%         2    ###....
 Call Imp                 Summ           #.......     43%         2    ###....
 Slow                     Hex            #.......     43%         2    ###....
 Conjure Flame            Conj/Fire      #.......     67%         3    ####...
 Mephitic Cloud           Conj/Pois/Air  #.......     67%         3    ####...


Dungeon Overview and Level Annotations

Branches:
Dungeon (10/15)            Temple (1/1) D:5            Lair (0/6) D:10
    Orc (0/2) D:9

Altars:
Ashenzari
Cheibriados
Dithmenos
Elyvilon
Fedhas
Gozag
Hepliaklqana
Kikubaaqudgha
Nemelex Xobeh
Okawaru
Qazlal
Ru
Sif Muna
Trog
Uskayaw
Wu Jian
Xom
Yredelemnul
Zin
The Shining One
Beogh

Shops:
D:5 (   D:6 (*[**


Innate Abilities, Weirdness & Mutations

You can breathe blasts of noxious fumes.
Your lurid green scales are hard. (AC +7)
You cannot fit into any form of body armour.
Your system is resistant to poisons. (rPois)
You are cold-blooded and may be slowed by cold attacks.
You have sharp fingernails.
Your mind is acute. (Int +2)
Your magical capacity is low. (-10% MP)


Message History

Something hits you but does no damage.
There is a staircase to the Lair here.
Something hits you!
* * * LOW HITPOINT WARNING * * *
You take 13 damage, and have 25/86 hp.
Something hits you but does no damage. Something hits you.
* * * LOW HITPOINT WARNING * * *
Something hits you but does no damage. Something closely misses you.
Something hits you but does no damage. Something hits you but does no damage.
Something completely misses you. Something hits you but does no damage.
Something barely misses you.
You see here a robe.
Something hits you!
* * * LOW HITPOINT WARNING * * *
You take 13 damage, and have 13/86 hp.
Something hits you!
You die...
Your body crumbles into a pile of gold.

########################
......))................
#..#######..####..#####
#..# #..# #..# #..# #..#
#..# #.)# #..# #..# #..#
#..# #..# #..# #..# #@.#
#..# #..# #{.# #..# #..#
#{.# #..# #..# #..# #..#
#..# #..# #..# #..# #..#
#..# #..# #..# #..# #..#


There were no monsters in sight!

Vanquished Creatures
  A two-headed ogre (D:10)
  An unseen horror (D:9)
  Maurice (D:9)
  A centaur zombie (D:10)
  2 trolls (D:10)
  Prince Ribbit (D:8)
  Sigmund (D:2)
  A wyvern (D:10)
  2 water moccasins
  4 orc warriors
  A black bear (D:9)
  2 phantoms
  3 sky beasts
  An eye of draining (D:10)
  3 ice beasts
  5 centaurs
  3 ogres (D:4)
  5 bullfrogs
  4 scorpions
  A water moccasin skeleton (D:5)
  7 howler monkeys
  2 crimson imps
  A quasit (D:10)
  9 orc priests
  A bullfrog skeleton (D:5)
  A gnoll shaman (D:9)
  12 orc wizards
  3 iguanas
  9 worker ants
  A hound skeleton (D:10)
  2 worker ant zombies
  A howler monkey zombie (D:7)
  4 gnolls (D:9)
  2 howler monkey skeletons
  10 adders
  2 shadow imps
  3 oozes (D:3)
  2 adder skeletons
  A worm (D:2)
  2 dart slugs
  5 leopard geckos
  36 orcs
  A ball python (D:2)
  9 giant cockroaches
  4 goblins
  5 hobgoblins
  8 jackals
  3 quokkas
  6 bats
  2 frilled lizards
  A jackal skeleton (D:7)
  7 kobolds
  A quokka skeleton (D:5)
  10 rats
216 creatures vanquished.

Vanquished Creatures (others)
  An orc wizard (D:3)
1 creature vanquished.

Grand Total: 217 creatures vanquished

Notes
Turn   | Place    | Note
-------+----------+-------------------------------------------
     0 | D:1      | namelastname112 the Draconian Assassin began the quest for
                  | the Orb.
     0 | D:1      | Reached XP level 1. HP: 17/17 MP: 1/1
   453 | D:1      | Reached skill level 1 in Dodging
   566 | D:1      | Reached XP level 2. HP: 24/24 MP: 2/2
  1333 | D:2      | Reached XP level 3. HP: 30/30 MP: 3/3
  1386 | D:2      | Noticed Sigmund
  1808 | D:2      | Found a bloodstained altar of Trog.
  1814 | D:2      | Reached XP level 4. HP: 31/37 MP: 4/4
  1854 | D:2      | Killed Sigmund
  1854 | D:2      | Reached XP level 5. HP: 28/45 MP: 5/5
  2220 | D:3      | namelastname112: ??shadow step
  2220 | D:3      | beem: shadow step[1/3]: Ability of Dithmenos granted at 2*
                  | piety; cost 4 MP and some piety. When used, allows you to
                  | teleport adjacent to a creature that is currently immobile
                  | and in your umbra. In 0.22, shadow step no longer requires
                  | the creature to be immobile but has an additional HP cost
                  | of 8% max HP.
  2382 | D:3      | Reached XP level 6. HP: 39/51 MP: 6/6
  2699 | D:3      | Reached skill level 5 in Stealth
  2813 | D:3      | Found a sacrificial altar of Ru.
  3123 | D:4      | Found a deep blue altar of Sif Muna.
  3262 | D:4      | Your scales start taking on a lurid green colour.
  3262 | D:4      | Reached XP level 7. HP: 16/58 MP: 7/7
  3262 | D:4      | Gained mutation: Your system is resistant to poisons.
                  | (rPois) [Green Draconian growth]
  4207 | D:4      | Reached skill level 5 in Short Blades
  4551 | D:4      | Found a basalt altar of Yredelemnul.
  4618 | D:5      | Entered Level 5 of the Dungeon
  5251 | D:5      | Found an ornate altar of the Wu Jian Council.
  5343 | D:5      | Reached XP level 8. HP: 54/67 MP: 8/8
  5380 | D:5      | Found Joycieh's Weapon Shop.
  5383 | D:5      | namelastname112: ??thermic engine
  5383 | D:5      | beem: Maxwell's thermic engine[1/1]: A double sword with
                  | double the usual number of brands, applying freezing and
                  | flaming brands to its unfortunate victims. The engine revs
                  | up with each swing taken, intensifying from +2 to +14.
  5676 | D:5      | Found a snail-covered altar of Cheibriados.
  5709 | D:5      | Found a staircase to the Ecumenical Temple.
  5722 | Temple   | Entered the Ecumenical Temple
  5898 | Temple   | Became a worshipper of Gozag Ym Sagoz the Greedy
  5960 | D:5      | Found a glowing golden altar of the Shining One.
  6232 | D:5      | Gained mutation: Your magical capacity is low. (-10% MP)
                  | [potion of mutation]
  6232 | D:5      | Gained mutation: You have sharp fingernails. [potion of
                  | mutation]
  6232 | D:5      | Gained mutation: Your mind is acute. (Int +2) [potion of
                  | mutation]
  6328 | D:6      | Found Zivischue's Assorted Antiques.
  6526 | D:6      | Found Sujamicomil's Armour Boutique.
  6541 | D:6      | Found Tipt's Weapon Boutique.
  6622 | D:6      | Found Feul's General Store.
  6630 | D:6      | Bought a scroll of enchant weapon for 97 gold pieces
  6631 | D:6      | Found a shimmering altar of Xom.
  6654 | D:6      | Found Ranuumapa's Assorted Antiques.
  6662 | D:6      | Bought a scroll labeled GAXYER RUR for 23 gold pieces
  6662 | D:6      | Bought a dark potion for 20 gold pieces
  6662 | D:6      | Bought a scroll labeled PIUS UDWA SIUTUERI for 23 gold
                  | pieces
  6662 | D:6      | Bought a golden potion for 20 gold pieces
  6711 | D:6      | Reached skill level 5 in Fighting
  7292 | D:7      | Reached XP level 9. HP: 72/74 MP: 8/8
  8242 | D:8      | Noticed Prince Ribbit
  8262 | D:8      | Killed Prince Ribbit
  8364 | D:8      | Found a shattered altar of Ashenzari.
  8987 | D:9      | Noticed Maurice
  9000 | D:9      | Killed Maurice
  9000 | D:9      | Reached skill level 5 in Throwing
  9009 | D:9      | Got an ebony spear
  9010 | D:9      | Identified the +1 spear of Kissoawai {antimagic, MR+} (You
                  | found it on level 9 of the Dungeon)
  9053 | D:9      | Found a hazy altar of Hepliaklqana.
  9328 | D:9      | Found a staircase to the Orcish Mines.
  9342 | D:9      | Reached XP level 10. HP: 84/84 MP: 9/9
  9352 | D:9      | Found a roughly hewn altar of Beogh.
  9559 | D:9      | Killed an unseen horror
  9559 | D:9      | Reached skill level 5 in Dodging
  9822 | D:10     | Entered Level 10 of the Dungeon
 10440 | D:10     | Found a staircase to the Lair.
 10461 | D:10     | Noticed a two-headed ogre
 10501 | D:10     | Killed a two-headed ogre
 10577 | D:10     | Slain by an unseen horror

Vault maps used:
D:1:      ncdulo_smallfort
D:2:      lemuel_coloured_pillars_altar, first_ration, uniq_sigmund
D:3:      marbit_many_paths
D:4:      kennysheep_mini, nicolae_overflow_hidden_temple, kennysheep_potato
D:5:      old_standard_altar, kennysheep_little_box,
          minmay_temple_entry_statues_pillars, serial_shops, nicolae_shop_trees,
          tso_altar
D:6:      basic_altar, serial_shops, shop, nicolae_shop_stone, shop,
          nicolae_shop_behind_doors, shop
D:8:      evilmike_ruin_ashenzari, uniq_prince_ribbit1
D:9:      overflow_temple_1_default, minmay_orc_entry_temple_small, uniq_maurice
D:10:     lair_entry_dummy
Temple:   eino_temple_lava

Skill      XL: |  1  2  3  4  5  6  7  8  9 10 |
---------------+-------------------------------+-----
Dodging        | 1 2 3 4 5 |  5.8
Throwing       | 2 3 4 5 6 |  6.1
Stealth        | 4 5 6 7 8 9 |  9.6
Fighting       | 3 4 5 6 7 |  7.4
Short Blades   | 3 4 5 6 8 9 |  9.1

Action                   |  1- 3 |  4- 6 |  7- 9 | 10-12 || total
-------------------------+-------+-------+-------+-------++-------
Melee: Dagger            |   101 |   143 |   387 |   167 ||   798
       Tailslap          |    11 |    15 |    80 |    29 ||   135
       Rapier            |       |       |   183 |       ||   183
 Fire: Blowgun           |       |    21 |       |       ||    21
 Abil: Breathe Noxious F |       |       |     7 |     7 ||    14
Evoke: Wand              |       |       |       |     1 ||     1
  Use: Scroll            |       |       |    15 |     1 ||    16
       Potion            |       |       |     3 |       ||     3
 Stab: Sleeping          |     5 |     9 |    13 |     8 ||    35
       Distracted        |       |       |     4 |     2 ||     6
       Confused          |       |       |     3 |     8 ||    11
  Eat: Chunk             |     3 |     4 |     8 |       ||    15
       Ration            |       |       |     4 |     2 ||     6
Armor: Skin              |    25 |    29 |   132 |    59 ||   245
Dodge: Dodged            |    50 |    68 |   290 |    75 ||   483

Table legend:
 A = Non-vault XP
 B = Vault XP
 C = Vault XP percentage of total XP
 D = Non-vault monster count
 E = Vault monster count
 F = Vault count percentage of total count
                 A         B        C        D         E       F
            +---------+---------+-------+---------+---------+-------
      Total |    8475 |    1464 |  14.7 |     205 |      12 |   5.5
            +---------+---------+-------+---------+---------+-------
        D:1 |      33 |       0 |   0.0 |      14 |       0 |   0.0
        D:2 |      67 |     223 |  76.9 |      22 |       1 |   4.3
        D:3 |     172 |       2 |   1.1 |      23 |       1 |   4.2
        D:4 |     680 |     129 |  15.9 |      26 |       1 |   3.7
        D:5 |     573 |       0 |   0.0 |      18 |       0 |   0.0
        D:6 |     724 |       0 |   0.0 |      13 |       0 |   0.0
        D:7 |    1218 |       0 |   0.0 |      40 |       0 |   0.0
        D:8 |     400 |     277 |  40.9 |       6 |       1 |  14.3
        D:9 |    1506 |     833 |  35.6 |      22 |       8 |  26.7
       D:10 |    3102 |       0 |   0.0 |      21 |       0 |   0.0
            +---------+---------+-------+---------+---------+-------
